Map: Ley Lines

Players

Lautremont

  • Race: Terran Terran
  • Spawn Location: 1:00

Frieren - Winner!

  • Race: Protoss Protoss
  • League: Diamond
  • Spawn Location: 7:00

VOD

Have the link to the VOD?

Description

Time

  • Played on: June 26, 2025, 5:35 p.m.
  • Length: 12:16
Show
View Real Time Build Order
Export as new Build Order

Lautremont Terran 

Build Orders:  

Get SALT Encoding   

  12  0:00  SCV  
  13  0:12  SCV  
  14  0:19  Supply Depot  
  14  0:25  SCV  
  15  0:36  Supply Depot  
  15  0:40  SCV  
  16  0:52  SCV  
  17  1:05  SCV  
  17  1:06  Supply Depot  
  18  1:17  SCV  
  19  1:25  Refinery  
  19  1:27  Barracks  
  19  1:29  SCV  
  20  1:41  Refinery  
  20  1:43  Barracks  
  20  1:45  SCV  
  21  1:57  SCV  
  21  1:59  Engineering Bay  
  22  2:09  SCV  
  23  2:15  Barracks Tech Lab  
  23  2:21  SCV  
  24  2:33  SCV  
  25  2:38  Command Center  
  25  2:42  Barracks Reactor  
  25  2:57  Supply Depot  
  26  3:12  Marauder  
  26  3:23  Marine x2  
  26  3:34  Marauder  
  27  3:41  Marine x2  
  27  3:46  SCV  
  30  3:55  Marauder  
  32  3:58  SCV  
  32  3:59  Marine x2  
  35  4:10  SCV  
  35  4:17  Marine x2  
  38  4:25  Marauder  
  38  4:29  SCV  
  41  4:34  Marine  
  41  4:35  Marine  
  43  4:41  SCV  
  44  4:46  Marauder  
  44  4:48  Bunker  
  44  4:52  Marine x2  
  46  4:53  SCV  
  46  4:54  SCV  
  50  5:00  Factory  
  50  5:05  SCV  
  50  5:07  SCV  
  52  5:09  Terran Infantry Weapons Level 1  
  52  5:10  Marine  
  53  5:19  Bunker  
  53  5:26  Marine  
  53  5:28  Marine  
  54  5:31  Marauder  
  57  5:43  Marine  
  57  5:44  Starport  
  57  5:46  Marine, Factory Tech Lab  
  59  6:01  Marine  
  59  6:03  Bunker  
  60  6:04  Orbital Command  
  60  6:11  Missile Turret  
  60  6:31  Supply Depot  
  60  6:32  Supply Depot  
  60  6:39  Bunker  
  60  6:45  Marine x2  
  62  6:52  Medivac, Siege Tank  
  62  6:53  Supply Depot  
  59  7:02  Marine  
  38  7:17  Marine  
  38  7:19  Marauder  
  38  7:20  Marine  
  42  7:24  Siege Tank  
  43  7:35  Marine  
  44  7:38  Marine  
  44  7:40  Marauder  
  47  7:56  Siege Tank  
  47  8:02  Marauder  
  47  8:03  Missile Turret  
  49  8:06  Marine  
  49  8:07  Marine  
  51  8:24  Marine  
  52  8:28  Siege Tank  
  52  8:30  Missile Turret x2  
  55  8:36  Terran Infantry Armor Level 1  
  55  8:38  Starport Reactor  
  55  8:42  Marine x2  
  55  8:47  Marauder  
  59  8:59  Marine  
  59  9:01  Siege Tank  
  63  9:07  Missile Turret  
  63  9:08  Marauder  
  65  9:18  Marine  
  66  9:33  Missile Turret, Siege Tank  
  69  10:05  SCV  
  70  10:13  Medivac x2  
  74  10:17  SCV  
  74  10:18  Siege Tank  
  78  10:24  Missile Turret  
  78  10:29  SCV  
  78  10:31  Bunker  
  79  10:41  SCV  
  80  10:43  Medivac  
  82  10:53  SCV  
  83  11:05  SCV  
  84  11:17  SCV  
  85  11:20  Siege Tank  
  85  11:24  Marine x2  
  90  11:27  Medivac x2  
  94  11:37  Orbital Command  
  94  11:43  Marine x2  
  96  11:47  Supply Depot  
  96  11:49  Supply Depot  
  37  12:10  Supply Depot  
  37  12:11  Supply Depot  
Show
View Real Time Build Order
Export as new Build Order

Frieren Protoss - Winner!

Build Orders: Blink Stalkers 

Get SALT Encoding   

  12  0:00  Probe  
  13  0:12  Probe  
  14  0:18  Pylon  
  14  0:24  Probe  
  15  0:32  Probe  
  15  0:38  Gateway  
  15  0:40  Probe  
  16  0:47  Assimilator  
  17  0:52  Probe  
  18  1:03  Probe  
  18  1:11  Probe  
  19  1:17  Gateway  
  20  1:22  Pylon  
  21  1:29  Cybernetics Core  
  21  1:30  Probe  
  21  1:42  Probe  
  22  1:51  Warp Gate  
  22  2:02  Stalker x2  
  22  2:03  Pylon  
  26  2:15  Assimilator  
  26  2:34  Nexus  
  26  2:42  Probe  
  27  2:47  Twilight Council  
  27  2:54  Probe  
  28  3:01  Robotics Facility  
  28  3:06  Blink  
  28  3:07  Pylon  
  28  3:12  Probe  
  29  3:30  Probe  
  30  3:40  Stalker  
  32  3:42  Probe  
  32  3:48  Stalker  
  35  3:54  Probe x2  
  37  4:05  Observer  
  37  4:06  Probe x2  
  40  4:12  Stalker  
  42  4:18  Probe  
  42  4:19  Probe  
  42  4:22  Stalker  
  46  4:30  Probe  
  46  4:31  Probe  
  48  4:32  Gateway  
  48  4:34  Observer  
  48  4:35  Gateway  
  49  4:40  Pylon  
  49  4:42  Probe  
  49  4:52  Stalker, Gateway  
  49  4:57  Probe x2  
  53  5:04  Stalker  
  55  5:09  Probe x2, Pylon  
  57  5:20  Stalker  
  59  5:29  Stalker x2  
  63  5:36  Stalker  
  65  5:43  Assimilator  
  65  5:46  Assimilator  
  63  6:03  Stalker x3  
  69  6:07  Probe  
  70  6:12  Probe  
  70  6:15  Charge  
  71  6:20  Nexus, Probe  
  71  6:21  Probe  
  71  6:23  Stalker x2  
  77  6:28  Probe  
  78  6:46  Pylon  
  78  6:48  Pylon  
  78  6:53  Forge  
  78  6:55  Forge  
  78  6:59  Probe x2  
  76  7:06  Protoss Ground Weapons Level 1  
  66  7:11  Stalker, Probe  
  66  7:12  Stalker x4  
  75  7:17  Probe, Protoss Ground Armor Level 1  
  75  7:21  Pylon  
  76  7:25  Pylon  
  74  7:38  Zealot x5  
  74  7:39  Probe  
  85  7:44  Gateway  
  83  8:03  Zealot x4  
  91  8:07  Probe  
  91  8:12  Probe x2  
  94  8:15  Probe  
  94  8:19  Robotics Bay  
  95  8:22  Gateway  
  95  8:24  Probe, Gateway  
  95  8:25  Zealot x2  
  100  8:28  Observer  
  100  8:31  Templar Archives  
  100  8:34  Photon Cannon  
  100  8:39  Probe  
  100  8:40  Probe x2  
  103  8:45  Pylon  
  103  8:51  Colossus, Probe  
  103  8:54  Zealot x2  
  103  8:55  Zealot x2  
  117  9:13  Assimilator  
  117  9:14  Psionic Storm  
  117  9:15  Assimilator  
  117  9:16  High Templar x4  
  125  9:20  Protoss Ground Weapons Level 2, Protoss Ground Armor Level 2  
  125  9:29  Probe  
  125  9:31  Nexus  
  126  9:33  Pylon  
  126  9:35  Pylon  
  126  9:50  Colossus  
  126  9:51  Pylon  
  132  10:03  Zealot x2  
  132  10:04  Zealot x3  
  142  10:10  Probe  
  142  10:13  Gateway  
  142  10:14  Probe, Gateway  
  144  10:22  Photon Cannon  
  144  10:25  Extended Thermal Lance  
  144  10:26  Photon Cannon  
  144  10:29  Probe  
  144  10:31  Photon Cannon  
  145  10:38  Observer  
  145  10:42  High Templar  
  147  10:45  Probe x3  
  147  10:46  Probe  
  147  10:49  Shield Battery  
  152  10:55  Zealot x2, Pylon  
  152  10:56  Zealot  
  158  10:57  Probe  
  158  10:59  Observer  
  158  11:03  Probe  
  161  11:07  Assimilator  
  161  11:11  Assimilator  
  161  11:14  Pylon  
  161  11:16  Zealot x5  
  161  11:18  Pylon  
  167  11:21  Probe  
  167  11:23  Warp Prism  
  168  11:28  Zealot x3  
  176  11:35  Probe  
  177  11:40  Shield Battery  
  177  11:42  Gateway  
  177  11:47  Probe  
  177  11:49  Zealot x3  
  168  12:01  Probe  
Tags
 
Composition
Blink Stalkers
League
Diamond
Matchup
PvT
Spawn Locations
Cross Positions
Add a new tag
Caveats
  • Supply blocks, unpowered buildings, or Contaminate may cause inaccurate times.
  • Supply counts are checked every 10 seconds.